 Dungeon Crawl Stone Soup version 0.19.1 (webtiles) character file.

1989 Ice the Slinger (level 9, -2/74 HPs)
             Began as a Minotaur Berserker on Dec 7, 2016.
             Was an Elder of Trog.
             Slain by an orc warrior
             ... wielding a +0 scimitar of draining
              (6 damage)
             ... on level 7 of the Dungeon.
             The game lasted 00:20:27 (4906 turns).

Ice the Slinger (Minotaur Berserker)                Turns: 4906, Time: 00:20:28

Health: -2/74      AC: 13    Str: 22    XL:     9   Next: 1%
Magic:  8/8        EV:  8    Int:  4    God:    Trog [****..]
Gold:   374        SH:  0    Dex: 13    Spells: 0 memorised, 8 levels left

rFire  . . .     SeeInvis .     K - +0 battleaxe
rCold  + . .     Gourm    .     s - +0 plate armour
rNeg   . . .     Faith    .     (shield currently unavailable)
rPois  .         Spirit   .     (helmet restricted)
rElec  .         Reflect  .     (no cloak)
rCorr  .         Harm     +     E - +0 pair of gloves
MR     +....                    (no boots)
Stlth  ..........               g - amulet of harm
                                x - ring of protection from cold
                                e - ring of protection from magic

@: heavily drained
A: retaliatory headbutt, horns 2
a: Berserk, Trog's Hand, Brothers in Arms, Burn Spellbooks, Renounce Religion


You were on level 7 of the Dungeon.
You worshipped Trog.
Trog was greatly pleased with you.
You were not hungry.

You visited 1 branch of the dungeon, and saw 7 of its levels.

You collected 374 gold pieces.

Inventory:

Hand Weapons
 i - a +0 dagger of holy wrath
 j - a +0 hunting sling
 K - a +0 battleaxe (weapon)
 M - a +0 shortbow
Missiles
 k - 141 stones (quivered)
 l - 78 arrows
 m - 5 sling bullets
 q - 7 tomahawks
 r - 6 javelins
 w - 5 steel tomahawks
Armour
 s - a +0 plate armour (worn)
 E - a +0 pair of gloves (worn)
Jewellery
 e - a ring of protection from magic (left hand)
 g - an amulet of harm (around neck)
 x - a ring of protection from cold (right hand)
Wands
 C - a wand of random effects (26/48)
 H - a wand of enslavement (15/24)
Scrolls
 f - 2 scrolls of teleportation {unknown}
 o - a scroll of random uselessness {unknown}
 t - 3 scrolls of enchant weapon {unknown}
 y - a scroll of fear
 B - a scroll of brand weapon {unknown}
 D - a scroll of recharging {unknown}
 F - 3 scrolls of remove curse
 J - a scroll of vulnerability {unknown}
 L - a scroll of magic mapping {unknown}
Potions
 a - a potion of heal wounds
 n - a potion of flight {unknown}
 p - 2 potions of might
 u - a potion of degeneration {unknown}
 v - a potion of beneficial mutation {unknown}
 z - a potion of ambrosia {unknown}
 A - a potion of curing {unknown}
 G - a potion of cure mutation
Comestibles
 b - 5 fruits
 c - 4 bread rations
 d - 6 meat rations
 h - 2 slices of pizza
 I - 3 chunks of flesh


   Skills:
 - Level 5.0(3.7) Fighting
 - Level 3.6(2.3) Axes
 + Level 8.1(6.7) Slings
 - Level 5.6(4.3) Armour
 - Level 5.2(3.9) Dodging
 - Level 5.0(3.7) Stealth
 - Level 1.1(0.0) Evocations


You had 8 spell levels left.
You didn't know any spells.

Dungeon Overview and Level Annotations

Branches:
Dungeon (7/15)             Temple (0/1) D:7

Altars:
Cheibriados
Nemelex Xobeh
Yredelemnul
The Shining One


Innate Abilities, Weirdness & Mutations

You reflexively headbutt those who attack you in melee.
You have a pair of horns on your head.


Message History

The orc warrior closely misses you.
Your plate armour prevents you from hitting the orc warrior.
You headbutt the orc warrior.
The orc warrior is almost dead.
You closely miss the orc.
The orc warrior hits you but does no damage.
You feel drained. The orc hits you but does no damage.
You closely miss the orc warrior.
The orc warrior is almost dead.
You hit the orc wizard but do no damage.
You closely miss the orc. The orc hits you but does no damage.
The orc warrior hits you with a scimitar of draining!
* * * LOW HITPOINT WARNING * * *
You feel drained.
* * * LOW HITPOINT WARNING * * *
The orc wizard hits you with a dagger.
* * * LOW HITPOINT WARNING * * *
The orc hits you but does no damage.
The orc warrior hits you with a scimitar of draining.
You die...

. ..################
.................#
.................#
.................#
......o@.........#
......ooo........#
.....(.l.........#######
........................
...(....................
..()##########'##.......
..(.#...........#.......
(>. #...........#.......
#...........###'####


You could see an orc warrior, an iguana, an orc wizard and 2 orcs.

Vanquished Creatures
  A two-headed ogre (D:7)
  A hippogriff (D:7)
  A hungry ghost (D:7)
  An orc warrior (D:7)
  A black bear (D:7)
  The ghost of andraxy the Covered, an amateur MiFi (D:5)
  A sky beast (D:5)
  2 ogres (D:4)
  A centaur (D:7)
  A water moccasin zombie (D:5)
  A scorpion (D:6)
  A water moccasin skeleton (D:7)
  A howler monkey (D:5)
  2 crimson imps
  2 hounds (D:6)
  2 jellies
  2 orc priests
  2 centaur skeletons
  An iguana (D:5)
  4 worker ants
  2 orc wizards
  3 gnolls (D:2)
  8 adders
  2 shadow imps (D:5)
  2 adder skeletons (D:4)
  2 worms
  A dart slug (D:1)
  5 leopard geckos
  11 orcs
  7 bats
  6 giant cockroaches
  10 goblins
  6 hobgoblins
  6 jackals
  6 kobolds
  A quokka (D:5)
  A ball python (D:6)
  8 frilled lizards
  3 quokka skeletons
  2 rats
121 creatures vanquished.

Notes
Turn   | Place    | Note
-------+----------+-------------------------------------------
     0 | D:1      | Ice the Minotaur Berserker began the quest for the Orb.
     0 | D:1      | Reached XP level 1. HP: 19/19 MP: 0/0
    75 | D:1      | Reached XP level 2. HP: 24/28 MP: 1/1
   411 | D:1      | Reached skill level 5 in Fighting
   509 | D:1      | Reached XP level 3. HP: 36/36 MP: 2/2
   884 | D:2      | Reached ** piety under Trog
   904 | D:2      | Reached XP level 4. HP: 40/42 MP: 3/3
  1350 | D:2      | Found a sparkling altar of Nemelex Xobeh.
  1353 | D:2      | Found a snail-covered altar of Cheibriados.
  1418 | D:2      | Found a sparkling altar of Nemelex Xobeh.
  2006 | D:4      | Reached XP level 5. HP: 40/48 MP: 4/4
  2051 | D:4      | Found a glowing golden altar of the Shining One.
  2066 | D:4      | Reached skill level 5 in Dodging
  2111 | D:4      | Noticed an ogre
  2119 | D:4      | Killed an ogre
  2160 | D:4      | Reached XP level 6. HP: 26/56 MP: 5/5
  2263 | D:4      | Found a glowing golden altar of the Shining One.
  2434 | D:4      | Reached *** piety under Trog
  2434 | D:4      | Reached skill level 5 in Armour
  2501 | D:5      | Entered Level 5 of the Dungeon
  2518 | D:5      | Reached skill level 1 in Stealth
  2552 | D:5      | Reached XP level 7. HP: 11/61 MP: 6/6
  3026 | D:5      | Reached skill level 1 in Evocations
  3173 | D:5      | Noticed andraxy's ghost (amateur MiFi)
  3190 | D:5      | Killed andraxy's ghost
  3813 | D:6      | Found a basalt altar of Yredelemnul.
  3966 | D:6      | Reached skill level 5 in Stealth
  3969 | D:6      | Reached skill level 1 in Slings
  4069 | D:6      | Reached skill level 2 in Slings
  4069 | D:6      | Reached XP level 8. HP: 46/68 MP: 7/7
  4193 | D:6      | Reached skill level 3 in Slings
  4569 | D:7      | Noticed a two-headed ogre
  4575 | D:7      | Killed a two-headed ogre
  4575 | D:7      | Reached skill level 4 in Slings
  4608 | D:7      | Reached skill level 5 in Slings
  4627 | D:7      | Reached **** piety under Trog
  4634 | D:7      | Reached skill level 6 in Slings
  4744 | D:7      | Noticed a hippogriff
  4751 | D:7      | Killed a hippogriff
  4751 | D:7      | Reached skill level 7 in Slings
  4804 | D:7      | Reached skill level 8 in Slings
  4865 | D:7      | Reached XP level 9. HP: 37/74 MP: 8/8
  4894 | D:7      | Found a staircase to the Ecumenical Temple.
  4906 | D:7      | Slain by an orc warrior

Skill      XL: |  1  2  3  4  5  6  7  8 |
---------------+-------------------------+-----
Fighting       | 4 5 |  5.0
Dodging        | 3 4 5 |  5.2
Armour         | 4 5 |  5.6
Stealth        | 2 5 |  5.0
Evocations     | 1 |  1.1
Slings         | 2 8 |  8.1
Axes           | |  3.6

Action                   |  1- 3 |  4- 6 |  7- 9 || total
-------------------------+-------+-------+-------++-------
Melee: Hand axe          |    37 |       |       ||    37
       Headbutt          |     7 |    24 |    25 ||    56
       Mace              |    11 |    91 |    53 ||   155
       Dagger            |       |    10 |    44 ||    54
       Battleaxe         |       |       |    33 ||    33
 Fire: Hunting sling     |    25 |    43 |    70 ||   138
Throw: Stone             |     4 |     7 |     8 ||    19
Invok: Berserk           |       |     1 |     1 ||     2
  Use: Scroll            |     4 |     4 |     4 ||    12
 Stab: Sleeping          |       |     1 |       ||     1
  Eat: Chunk             |       |     5 |    18 ||    23
Armor: Animal skin       |     7 |     2 |       ||     9
       Plate armour      |       |    41 |    87 ||   128
Dodge: Dodged            |    35 |    48 |    56 ||   139
